 Dungeon Crawl Stone Soup version 0.31-a0-210-gccc998df9b (webtiles) character file.

Game seed: 8494182114083769889

899 CornPuffBuddha the Skirmisher (level 7, -4/56 HPs)
             Began as a Minotaur Hunter on June 30, 2023.
             Was a Believer of Okawaru.
             Slain by a black bear (7 damage)
             ... on level 5 of the Dungeon.
             The game lasted 00:09:34 (4022 turns).

CornPuffBuddha the Skirmisher (Minotaur Hunter)     Turns: 4022, Time: 00:09:36

Health: -4/56      AC:  7    Str: 15    XL:     7   Next: 79%
Magic:  6/6        EV: 12    Int:  6    God:    Okawaru [**....]
Gold:   133        SH:  0    Dex: 16    Spells: 6/6 levels left

rFire   . . .        a - +0 shortbow
rCold   . . .        (shield currently unavailable)
rNeg    . . .        t - +2 leather armour {rPois}
rPois   +            (helmet restricted)
rElec   .            j - +0 cloak
rCorr   .            n - +0 pair of gloves
SInv    .            (no boots)
Will    .....        (no amulet)
Stlth   +            (no ring)
HPRegen 0.29/turn    (no ring)
MPRegen 0.10/turn

%: no passive effects
@: no status effects
A: horns 2, retaliatory headbutt
a: Renounce Religion, Heroism


You were on level 5 of the Dungeon.
You worshipped Okawaru.
Okawaru was pleased with you.
You visited 1 branch of the dungeon, and saw 5 of its levels.

You collected 163 gold pieces.
You spent 30 gold pieces at shops.

Inventory:

Hand Weapons
 a - a +0 shortbow (weapon)
Missiles
 e - 8 poisoned darts
Armour
 j - a +0 cloak (worn)
 n - a +0 pair of gloves (worn)
 t - a +2 leather armour of poison resistance (worn)
Wands
 v - a wand of flame (18)
Scrolls
 b - a scroll of butterflies
 c - a scroll of enchant weapon {unknown}
 d - 5 scrolls of teleportation
 f - 2 scrolls of immolation
 h - 2 scrolls of fear
 o - a scroll of fog {unknown}
 p - a scroll of amnesia {unknown}
 q - 2 scrolls of blinking {unknown}
 s - 2 scrolls of torment
 u - a scroll of vulnerability {unknown}
Potions
 g - a potion of berserk rage {unknown}
 i - a potion of curing
 k - 2 potions of attraction
 l - 2 potions of lignification {unknown}
 m - 3 potions of ambrosia {unknown}


   Skills:
 - Level 2.4 Fighting
 + Level 10.7 Ranged Weapons
 - Level 2.1 Dodging
 - Level 0.7 Stealth


You had 6 spell levels left.
You didn't know any spells.
Your spell library contained the following spells:

 Spells                   Type           Power      Damage    Failure   Level
 Ozocubu's Armour         Ice            0%         N/A       88%         3
 Metabolic Englaciation   Hex/Ice        0%         N/A       100%        5
 Simulacrum               Ice/Necr       Unusable   N/A       N/A         6

Dungeon Overview and Level Annotations

Branches:
Dungeon (5/15)
 Temple: D:4-7

Altars:
Kikubaaqudgha
Makhleb
Okawaru
Uskayaw
The Shining One

Shops:
D:1 !   D:4 *


Innate Abilities, Weirdness & Mutations

You have a pair of horns on your head.
You reflexively headbutt those who attack you in melee.


Message History

You shoot an arrow. The arrow hits the black bear.
The black bear is severely wounded.
The black bear bites you. The black bear claws you.
The black bear barely misses you. The black bear bites you.
The black bear claws you. The black bear closely misses you.
You shoot an arrow.
The arrow completely misses the black bear.
The black bear bites you. The black bear misses you. The black bear claws you.
You are too injured to fight recklessly!
You are too injured to fight recklessly!
You are too injured to fight recklessly!
You shoot an arrow.
The arrow hits the black bear but does no damage.
The black bear is severely wounded.
The black bear closely misses you.
The black bear claws you but does no damage.
The black bear claws you.
You shoot an arrow. The arrow hits the black bear!
The black bear is almost dead.
The black bear misses you. The black bear claws you.
* * * LOW HITPOINT WARNING * * *
The black bear claws you but does no damage.
The black bear bites you!
* * * LOW HITPOINT WARNING * * *
The black bear closely misses you. The black bear misses you.
Okay, then.
You feel better. The black bear bites you.
* * * LOW HITPOINT WARNING * * *
The black bear claws you but does no damage.
The black bear claws you.
* * * LOW HITPOINT WARNING * * *
You can't see any enemies this would affect, really read the scroll of fear?
Okay, then.
Aiming: Throw Flame
Press: ? - help, Q - select action, (/) - cycle Shift-Dir - straight line, f/p - black bear
Aim: a black bear (almost dead, berserk, 77% to hit)
The puff of flame hits the black bear.
The black bear is almost dead.
The black bear bites you!
You die...

.##.#
###########.#
....# #.#
.####
####.#### >#
#.......# .#
#.##.##.# .# #
#.##.# )# #
#..#.# .#
#.###.#.# .#
#..@....# .#
###h###.# .#
#.# #.# .# #.#
#.# .# #.. .##
.# #.# # ...
#.# #..#
#?#########
+#...
#.......######


You could see a black bear (berserk).

Vanquished Creatures
  Sigmund (D:5)
  2 black bears
  An ogre (D:4)
  3 scorpions (D:4)
  2 vampire bats (D:4)
  3 iguanas (D:5)
  4 gnolls (D:3)
  5 adders
  4 worms
  A dart slug (D:3)
  4 orcs (D:4)
  5 ball pythons
  2 bats
  A bat skeleton (D:4)
  4 bat zombies (D:4)
  5 endoplasms
  2 giant cockroaches (D:1)
  6 goblins
  7 hobgoblins
  4 quokkas
  3 frilled lizards
  5 kobolds
  2 rats
76 creatures vanquished.

Notes
Turn   | Place    | Note
-------+----------+-------------------------------------------
     0 | D:1      | CornPuffBuddha the Minotaur Hunter began the quest for the
                  | Orb.
     0 | D:1      | Reached XP level 1. HP: 18/18 MP: 0/0
   322 | D:1      | Reached XP level 2. HP: 22/25 MP: 1/1
   469 | D:1      | Reached skill level 5 in Ranged Weapons
   710 | D:1      | Found Sutiderafou's Distillery.
   715 | D:1      | Bought a potion of curing for 30 gold pieces
  1201 | D:2      | Reached XP level 3. HP: 30/30 MP: 2/2
  1921 | D:3      | Noticed a +0 hand axe
  1922 | D:3      | Noticed a +0 dagger
  1927 | D:3      | Found a hide-covered altar of Uskayaw.
  1962 | D:3      | Reached skill level 6 in Ranged Weapons
  2171 | D:3      | Reached XP level 4. HP: 34/37 MP: 3/3
  2314 | D:3      | Found a burning altar of Makhleb.
  2314 | D:3      | Found an iron altar of Okawaru.
  2318 | D:3      | Became a worshipper of Warmaster Okawaru
  2559 | D:4      | Noticed a scorpion
  2570 | D:4      | Killed a scorpion
  2571 | D:4      | Reached skill level 7 in Ranged Weapons
  2571 | D:4      | Reached XP level 5. HP: 42/42 MP: 4/4
  2691 | D:4      | Noticed an ogre
  2696 | D:4      | Killed an ogre
  2697 | D:4      | Reached skill level 8 in Ranged Weapons
  2697 | D:4      | Reached XP level 6. HP: 50/50 MP: 5/5
  2763 | D:5      | Entered Level 5 of the Dungeon
  2767 | D:5      | Reached * piety under Okawaru
  2959 | D:4      | Reached skill level 9 in Ranged Weapons
  2981 | D:4      | Found an ancient bone altar of Kikubaaqudgha.
  3121 | D:4      | Found Tygareg's Overcharged Wands.
  3160 | D:4      | Reached XP level 7. HP: 52/56 MP: 6/6
  3457 | D:5      | Reached ** piety under Okawaru
  3522 | D:5      | Reached skill level 10 in Ranged Weapons
  3804 | D:5      | Found a glowing golden altar of the Shining One.
  3827 | D:5      | Noticed Sigmund
  3852 | D:5      | Killed Sigmund
  4022 | D:5      | Slain by a black bear

Illustrated notes

Levels and vault maps discovered:
D:1:      dpeg_arrival_morbid_curiosity, layout_loops_corners, serial_shops,
          shop
D:2:      layout_loops_corners
D:3:      layout_basic, dancing_weapons_uskayaw,
          gammafunk_temple_overflow_elements, hangedman_decor_slide_cut,
          hangedman_decor_clover_reticule
D:4:      layout_gridville, kennysheep_vampire_church,
          nicolae_shop_overcharged_wands
D:5:      layout_loops_cross, tso_metal_star, uniq_sigmund

Skill      XL: |  1  2  3  4  5  6  7 |
---------------+----------------------+-----
Ranged Weapons | 5 6 7 8 9 10 | 10.7
Fighting       | |  2.4
Dodging        | |  2.1
Stealth        | |  0.7

Action                     |  1- 3 |  4- 6 |  7- 9 || total
---------------------------+-------+-------+-------++-------
  Melee: Shortbow          |       |       |     1 ||     1
   Fire: Shortbow          |   124 |   143 |    69 ||   336
  Evoke: Wand              |       |     5 |     2 ||     7
    Use: Scroll            |     4 |     1 |     1 ||     6
         Potion            |       |       |     1 ||     1
 Armour: Leather armour    |    13 |    20 |    18 ||    51
  Dodge: Dodged            |    42 |    37 |    25 ||   104

Table legend: (Time is in decaauts)
 A = Elapsed time spent in this place.
 B = Non-inter-level travel time spent in this place.
 C = Inter-level travel time spent in this place.
 D = Time resting spent in this place.
 E = Time spent auto-exploring this place.
 F = Levels seen in this place.
 G = Mean time per level.
                   A        B        C        D        E       F      G
               +--------+--------+--------+--------+--------+-----+--------+
         Total |   4040 |   3824 |    216 |    296 |   2815 |   5 |  808.0 |
       Dungeon |   4040 |   3824 |    216 |    296 |   2815 |   5 |  808.0 |
               +--------+--------+--------+--------+--------+-----+--------+

Top non-repeatable levels by time:
     D:1: 1000 daAuts
     D:4: 872 daAuts
     D:2: 862 daAuts
     D:3: 666 daAuts
     D:5: 640 daAuts
